 Dungeon Crawl Stone Soup version 0.28.0-45-g0d030f2227 (webtiles) character file.

Game seed: 17993034192466203372

228 Gabide the Grave Robber (level 5, -9/39 HPs)
             Began as a Mummy Necromancer on Apr 17, 2022.
             Mangled by an ogre
             ... wielding a +0 giant spiked club
              (13 damage)
             ... on level 3 of the Dungeon.
             The game lasted 00:07:31 (3751 turns).

Gabide the Grave Robber (Mummy Necromancer)         Turns: 3751, Time: 00:07:31

Health: -9/39      AC:  4    Str: 11    XL:     5   Next: 70%
Magic:  9/11       EV: 12    Int: 17    God:
Gold:   36         SH:  0    Dex: 12    Spells: 8/12 levels left

rFire   x . .      SeeInvis .   (no weapon)
rCold   + . .      Faith    .   (no shield)
rNeg    + + +      Spirit   .   a - +0 robe
rPois   ∞          Reflect  .   i - +1 helmet
rElec   .          Harm     .   (no cloak)
rCorr   .          Rampage  .   (no gloves)
Will    +....                   (no boots)
Stlth   ++........              (no amulet)
HPRegen 0.13/turn               c - ring of willpower
MPRegen 0.12/turn               (no ring)

@: no status effects
A: cold resistance 1, negative energy resistance 3, torment resistance 2, heat
vulnerability 1, no potions
a: no special abilities


You were on level 3 of the Dungeon.
You visited 1 branch of the dungeon, and saw 4 of its levels.

You collected 99 gold pieces.
You spent 63 gold pieces at shops.

Inventory:

Armour
 a - a +0 robe (worn)
 i - a +1 helmet (worn)
Jewellery
 c - a ring of willpower (left hand)
Wands
 d - a wand of flame (18)
Scrolls
 b - a scroll of noise
 e - 2 scrolls of enchant weapon
 g - a scroll of holy word {unknown}
 h - a scroll of magic mapping {unknown}
 j - a scroll of identify {unknown}


   Skills:
 * Level 2.4 Fighting
 * Level 2.7 Dodging
 + Level 2.2 Stealth
 * Level 4.2 Spellcasting
 * Level 4.7 Necromancy


You had 8 spell levels left.
You knew the following spells:

 Your Spells              Type           Power      Damage    Failure   Level
a - Pain                  Necr           76%        1d7       2%          1
b - Vampiric Draining     Necr           19%        2d7       7%          3

Your spell library contained the following spells:

 Spells                   Type           Power      Damage    Failure   Level
 Animate Skeleton         Necr           38%        N/A       2%          1
 Animate Dead             Necr           9%         N/A       22%         4
 Conjure Flame            Conj/Fire      3%         6-21      43%         3
 Ignite Poison            Fire/Tmut/Pois 3%         N/A       43%         3
 Agony                    Necr           19%        N/A       52%         5
 Petrify                  Tmut/Erth      3%         N/A       83%         4
 Sticky Flame             Conj/Fire      3%         2d3       83%         4
 Irradiate                Conj/Tmut      1%         3d14      99%         5
 Sublimation of Blood     Necr           Unusable   N/A       N/A         2

Dungeon Overview and Level Annotations

Branches:
Dungeon (4/15)
 Temple: D:4-7

Altars:

Shops:
D:2 [


Innate Abilities, Weirdness & Mutations

You are immune to poison.
Your flesh is cold resistant. (rC+)
You are immune to negative energy. (rN+++)
You are immune to unholy pain and torment.
You are vulnerable to heat. (rF-)
You do not drink.


Message History

Done exploring.
Done exploring.
Done exploring.
Done exploring.
Done exploring.
Done exploring.
Done exploring.
Done exploring.
Done exploring.
Done exploring.
Done exploring.
Done exploring.
Done exploring.
Done exploring.
Done exploring.
Done exploring.
Done exploring.
There is a stone staircase leading down here.
You climb downwards.
The ogre shouts!
Found a dagger and a book of Frost.
Found a stone staircase leading down.
There is a stone staircase leading up here.
Casting: Pain (safe; 2% risk of failure)
Confirm with . or Enter, or press ? or * to list all spells.
Aiming: Vampiric Draining (dangerous; 7% risk of failure)
Press: ? - help, Shift-Dir - straight line, f - ogre
Aim: an ogre, wielding a +0 giant spiked club You draw life force from the ogre!
The ogre hits you with a +0 giant spiked club!!
Ouch! That really hurt!
You climb upwards.
There is a stone staircase leading down here.
The ogre barely misses you.
As you read the scroll of teleportation, it crumbles to dust.
You feel strangely unstable.
The ogre hits you with a +0 giant spiked club!
* * * LOW HITPOINT WARNING * * *
Your surroundings seem slightly different.
The ogre hits you with a +0 giant spiked club!
You die...

###†....##.##.##.###........####.
.#.##...##.##.##.# #.......## #.
#.########.....).# ###.#.(.# #.
### ####.#### ###...# #.
#.......# #...# #. #.##.##.#
#...# #. ########.......#
#...#####.
#.....##.##.##.#######...#...#.
#.....##)##..§@O.>........###..
#.....)..#####............# #..
#.........................###..
#.....<#####......##.#...#...##
######.#####.#.##.##.#...#.###
#<##......##.##.#...#.# #
#.##.##.####.##.#...#.# #
#.##.##.##.........)..#### #
#............##.#.........


You could see an ogre.

Vanquished Creatures
  An orc wizard (D:3)
  Natasha (thrice) (D:2)
  A hound skeleton (D:3)
  6 adders
  A dart slug (D:1)
  3 orcs (D:3)
  5 endoplasms
  6 giant cockroaches
  4 goblins
  4 hobgoblins
  5 jackals (D:1)
  3 quokkas
  6 ball pythons
  2 bats
  2 frilled lizards (D:3)
  6 kobolds
  5 rats
63 creatures vanquished.

Notes
Turn   | Place    | Note
-------+----------+-------------------------------------------
     0 | D:1      | Gabide the Mummy Necromancer began the quest for the Orb.
     0 | D:1      | Reached XP level 1. HP: 13/13 MP: 4/4
   293 | D:1      | Reached XP level 2. HP: 20/20 MP: 3/5
   662 | D:1      | Reached skill level 1 in Fighting
  1129 | D:1      | Reached XP level 3. HP: 26/26 MP: 4/7
  1181 | D:1      | Found a faded altar of an unknown god.
  1481 | D:1      | Learned a level 3 spell: Vampiric Draining
  1964 | D:2      | Noticed Natasha
  1971 | D:2      | Killed Natasha
  1972 | D:2      | Reached XP level 4. HP: 13/33 MP: 2/9
  2353 | D:2      | Found Nada's Armour Shop.
  2366 | D:2      | Bought a +0 helmet for 63 gold pieces
  2381 | D:2      | Noticed Natasha
  2384 | D:2      | Killed Natasha
  2455 | D:2      | Noticed Natasha
  2463 | D:2      | Killed Natasha
  2724 | D:3      | Reached XP level 5. HP: 38/38 MP: 5/10
  3743 | D:4      | Noticed an ogre
  3751 | D:3      | Mangled by an ogre

Illustrated notes

Levels and vault maps discovered:
D:1:      dpeg_cavernosity, layout_loops_ring,
          hellmonk_ecumenical_altar_dog_temple, minmay_pentomino_u2
D:2:      layout_rooms, serial_shops, shop, kennysheep_boxes, uniq_natasha
D:3:      layout_loops_cross
D:4:      layout_rooms, minmay_temple_entry_sparse_star

Skill      XL: |  1  2  3  4  5 |
---------------+----------------+-----
Spellcasting   | 3 4 |  4.2
Fighting       | 1 2 |  2.4
Dodging        | 2 |  2.7
Stealth        | 2 |  2.2
Necromancy     | |  4.7

Action                   |  1- 3 |  4- 6 || total
-------------------------+-------+-------++-------
Melee: Unarmed           |       |    16 ||    16
 Cast: Pain              |    67 |    61 ||   128
       Vampiric Draining |       |     1 ||     1
  Use: Scroll            |       |     5 ||     5
Armor: Robe              |     2 |     5 ||     7
Dodge: Dodged            |     3 |    19 ||    22
